 Dungeon Crawl Stone Soup version 0.25-a0-577-ga4619f409e (webtiles) character file.

Game seed: 7805372541564234098, levelgen mode: deterministic

52 An17 the Sneak (level 3, 0/19 HPs)
             Began as a Vampire Enchanter on Mar 2, 2020.
             Slain by an adder (4 damage)
             ... on level 2 of the Dungeon.
             The game lasted 00:04:18 (920 turns).

An17 the Sneak (Vampire Enchanter)                   Turns: 920, Time: 00:04:19

Health: 0/19       AC:  2    Str:  7    XL:     3   Next: 60%
Magic:  1/6        EV: 13    Int: 18    God:
Gold:   45         SH:  0    Dex: 17    Spells: 0/6 levels left

rFire    . . .     SeeInvis +   a - +2 dagger
rCold    + + .     Gourm    .   (no shield)
rNeg     + + +     Faith    .   b - +0 robe
rPois    ∞         Spirit   .   (no helmet)
rElec    .         Reflect  .   (no cloak)
rCorr    .         Harm     .   (no gloves)
MR       .....                  (no boots)
Stlth    +++++.....             (no amulet)
HPRegen  0.00/turn              g - +3 ring of dexterity
MPRegen  0.10/turn              (no ring)

@: very slightly contaminated, bloodless
A: no food, fangs 3, see invisible, unbreathing
a: Bat Form, Revivify


You were on level 2 of the Dungeon.
You were bloodless.

You visited 1 branch of the dungeon, and saw 2 of its levels.

You collected 45 gold pieces.

Inventory:

Hand Weapons
 a - a +2 dagger (weapon)
Missiles
 f - 6 boomerangs (quivered)
Armour
 b - a +0 robe (worn)
Jewellery
 g - a +3 ring of dexterity (left hand)
Scrolls
 e - a scroll of teleportation
Potions
 c - a potion of ambrosia {unknown}
 d - 4 potions of degeneration {unknown}


   Skills:
 + Level 0.1 Fighting
 + Level 1.5 Short Blades
 + Level 2.6 Dodging
 + Level 5.7 Stealth
 + Level 2.1 Spellcasting
 + Level 4.9 Hexes


You couldn't memorise any spells.
You knew the following spells:

 Your Spells              Type           Power        Failure   Level  Hunger
a - Corona                Hex            ###....      2%          1    N/A
b - Ensorcelled Hibernat  Hex/Ice        ##....       10%         2    N/A
c - Tukima's Dance        Hex            ###.....     7%          3    N/A

Your spell library contained the following spells:

 Spells                   Type           Power        Failure   Level  Hunger
 Confusing Touch          Hex            ###.....     7%          3    N/A
 Dazzling Flash           Conj/Hex       ##....       19%         3    N/A

Dungeon Overview and Level Annotations

Branches:
Dungeon (2/15)

Altars:


Innate Abilities, Weirdness & Mutations

You do not eat.
You do not regenerate when monsters are visible.
You are frail without blood (-20% HP).
You can heal yourself when you bite living creatures.
You are immune to poison.
You have razor-sharp teeth.
You have supernaturally acute eyesight. (SInv)
You can survive without breathing.


Message History

You hit the adder but do no damage.
The adder is moderately wounded.
The adder barely misses you.
You barely miss the adder.
The adder is moderately wounded.
The adder closely misses you.
You hit the adder.
The adder is heavily wounded.
The adder barely misses you.
You barely miss the adder. Your bite misses the adder.
The adder is heavily wounded.
The adder completely misses you. The adder bites you.
* * * LOW HITPOINT WARNING * * *
You hit the adder but do no damage.
The adder is heavily wounded.
The adder bites you but does no damage.
You miss the adder.
The adder is heavily wounded.
The adder bites you.
You die...

#.. ..###.# ##.#.#
######.#.## #..(. ##
#.## #..# .######.#
#####<.#
........####.....?##
.##................#
###.########.###.#.#
# # #.# #.# # # #.#
#@# # #.# #S# # #.#
#.# # #.# #.#
######.## .. ...
.<....... .)#
######### ###


You could see an adder.

Vanquished Creatures
  2 adders (D:2)
  2 worms (D:2)
  A bat (D:1)
  4 giant cockroaches
  5 goblins
  4 hobgoblins
  2 jackals (D:2)
  A quokka (D:2)
  A frilled lizard (D:1)
  5 rats
27 creatures vanquished.

Notes
Turn   | Place    | Note
-------+----------+-------------------------------------------
     0 | D:1      | An17 the Vampire Enchanter began the quest for the Orb.
     0 | D:1      | Reached XP level 1. HP: 13/13 MP: 3/3
   272 | D:1      | Reached XP level 2. HP: 13/19 MP: 3/5
   283 | D:1      | Learned a level 2 spell: Ensorcelled Hibernation
   645 | D:2      | Reached skill level 5 in Stealth
   696 | D:2      | Reached XP level 3. HP: 19/19 MP: 3/6
   701 | D:2      | Learned a level 3 spell: Tukima's Dance
   920 | D:2      | Slain by an adder

Levels and vault maps discovered:
D:1:      lightli_molten_gateway, layout_loops_ring
D:2:      layout_loops_ring, first_ration

Skill      XL: |  1  2 |
---------------+-------+-----
Stealth        | 5 |  5.7
Fighting       | |  0.1
Short Blades   | |  1.5
Dodging        | |  2.6
Spellcasting   | |  2.1
Hexes          | |  4.9

Action                   || total
-------------------------++-------
Melee: Dagger            ||    73
       Bite              ||     5
 Cast: Corona            ||     3
       Ensorcelled Hiber ||     7
 Abil: Exsanguinate      ||     1
  Use: Scroll            ||     4
 Stab: Sleeping          ||    16
Armor: Robe              ||     7
Dodge: Dodged            ||    51

Table legend:
 A = Non-vault XP
 B = Vault XP
 C = Vault XP percentage of total XP
 D = Non-vault monster count
 E = Vault monster count
 F = Vault count percentage of total count
                 A         B        C        D         E       F
            +---------+---------+-------+---------+---------+-------
      Total |      75 |       0 |   0.0 |      27 |       0 |   0.0
            +---------+---------+-------+---------+---------+-------
        D:1 |      22 |       0 |   0.0 |      13 |       0 |   0.0
        D:2 |      53 |       0 |   0.0 |      14 |       0 |   0.0
            +---------+---------+-------+---------+---------+-------
